 Dungeon Sprint DCSS version bcrawl-1.27.1d (webtiles) character file.

Game seed: 9942113895376571965

13800000 Freyura the Conqueror (level 27, -112/249 HPs)
             Began as a Demonspawn Gladiator on July 26, 2020.
             Was the Champion of Makhleb.
             Annihilated by a destroyer
             ... wielding a +9 great sword of slicing
              (222 damage)
             ... in the Dungeon (Sprint VIII: "Arena of Blood").
             The game lasted 00:10:26 (138 turns).

Freyura the Conqueror (Demonspawn Gladiator)         Turns: 138, Time: 00:10:27

Health: -112/249   AC: 12    Str: 17    XL:     27
Magic:  40/54      EV: 37    Int: 10    God:    Makhleb [******]
Gold:   0          SH:  0    Dex: 25    Spells: 80/80 levels left

rFire    + . .     SeeInvis .   l - +∞ Axe of Woe
rCold    . . .     Gourm    .   (shield currently unavailable)
rNeg     . . .     Faith    .   b - +0 leather armour
rPois    .         Spirit   .   c - +0 helmet
rElec    +         Reflect  .   (no cloak)
rCorr    .         Harm     .   (gloves unavailable)
MR       ++...     NoTele   +   (no boots)
Stlth    +++++++++.             (no amulet)
HPRegen  0.51/turn              p - +250 ring of slaying
MPRegen  0.34/turn              o - +250 ring of slaying

@: slowed, very slow
A: claws 3, thin metallic scales 3, demonic guardian 3, fire resistance 1, hurl
hellfire, spiny 3, flame cloud immunity
a: Hurl Hellfire, Minor Destruction, Lesser Servant of Makhleb, Major
Destruction, Greater Servant of Makhleb, Renounce Religion


You were in the Dungeon.
You worshipped Makhleb.
Makhleb was exalted by your worship.
You were not hungry.

You visited 1 branch

Inventory:

Hand Weapons
 a - a +0 war axe
 l - the +∞ Axe of Woe (weapon)
   (You found it in the Dungeon)
Missiles
 d - 3 throwing nets {=f}
Armour
 b - a +0 leather armour (worn)
 c - a +0 helmet (worn)
Jewellery
 m - a +30 ring of slaying
 n - a +30 ring of slaying
 o - a +250 ring of slaying (right claw)
 p - a +250 ring of slaying (left claw)
Scrolls
 k - a scroll of blinking
Potions
 f - a potion of curing
 h - a potion of haste
 i - 2 potions of magic
 j - a potion of berserk rage
Comestibles
 e - a ration {!d}


   Skills:
 O Level 27 Fighting
 O Level 27 Axes
 O Level 27 Throwing
 O Level 27 Armour
 O Level 27 Dodging
 O Level 27 Stealth
 O Level 27 Unarmed Combat
 O Level 27 Spellcasting
 O Level 27 Invocations


You had 80 spell levels left.
You didn't know any spells.
Your spell library was empty.

Dungeon Overview and Level Annotations

Branches:
Dungeon (1/1)

Altars:
Makhleb


Innate Abilities, Weirdness & Mutations

You have claws for hands.
You are completely covered in thin metallic scales. (AC +4, rElec)
A powerful demonic guardian rushes to your aid.
Your flesh is heat resistant. (rF+)
You can hurl hellfire.
You are completely covered in sharp spines.
You are immune to clouds of flame.


Message History

Something smites you!
The eight-headed meat hydra calls on the powers of darkness!
The eight-headed meat hydra convulses!
The bag of meat convulses!
Something is bathed in an unholy light!
The bag of meat convulses!
Something is bathed in an unholy light!
The bag of meat convulses!
Your body is wracked with pain!
You hear a shout! x5; You hear a roar!
You hear a shout! x2 notify_dgn_event: Lua error: [string "global_prelude"]:208: Unknown spell name: 'hurl damnation' in 'symbol_of_torment.34.natural;hurl_damnation.33.natural;call_down_damnation.33. natural' You hear a shout! x2
A meat berserker comes into view. It is wielding a +9 battleaxe.
You hear a shout!
The accursed casts a spell at you. Something smites you!
The destroyer is engulfed in blazing flames.
The destroyer blinks!
A meat berserker comes into view. It is wielding a +9 battleaxe.
The destroyer is engulfed in blazing flames.
The destroyer hits you with a +9 great sword of slicing!!!!!
Ouch! That really hurt!
You die...

#.. ..# #.. ..#
. .###.. o.###..
......###o.O...
......%_).M.%..
.....#.)))O#....
... #§§☼M_# .
.....#§§V).#....
......§§@)V.o...
......)###......
..###.. %.###..
#.. ..# O #..
..# ... ... ....
.. ....


You could see 2 accurseds, 2 destroyers, 2 meat berserkers and 3 bags of meat.

Vanquished Creatures
  3 hell knights (D)
  3 hell beasts (D)
  6 greater mummies (D)
  4 great orbs of eyes (D)
  29 vampire knights (D)
  35 ogres (D)
  5 two-headed ogres (D)
  4 liches (D)
  3 hydras (D)
  60 orcs (D)
  5 phantoms (D)
  3 skeletal warriors (D)
  6 large abominations (D)
  8 small abominations (D)
  7 crawling corpses (D)
181 creatures vanquished.

Vanquished Creatures (others)
  4 crawling corpses (D)
4 creatures vanquished.

Grand Total: 185 creatures vanquished

Notes
Turn   | Place    | Note
-------+----------+-------------------------------------------
     0 | D        | Found the +∞ Axe of Woe
     0 | D        | Freyura the Demonspawn Gladiator began the quest for the
                  | Orb.
     0 | D        | Reached XP level 1. HP: 16/16 MP: 1/1
     4 | D        | Became a worshipper of Makhleb the Destroyer
     5 | D        | Noticed a bag of meat
     5 | D        | Noticed a bag of meat
     6 | D        | Noticed a bag of meat
     7 | D        | Noticed a bag of meat
     7 | D        | Killed a bag of meat
     7 | D        | Reached skill level 15 in Axes
     7 | D        | Reached skill level 15 in Invocations
     7 | D        | Gained mutation: You are partially covered in sharp spines.
                  | [demonic ancestry]
     7 | D        | Reached XP level 2. HP: 46/46 MP: 1/10
     7 | D        | Gained mutation: You are mostly covered in sharp spines.
                  | [demonic ancestry]
     7 | D        | Reached XP level 3. HP: 52/52 MP: 1/12
     7 | D        | Reached XP level 4. HP: 59/59 MP: 1/13
     7 | D        | Reached XP level 5. HP: 65/65 MP: 1/15
     7 | D        | Gained mutation: A weak demonic guardian rushes to your
                  | aid. [demonic ancestry]
     7 | D        | Reached XP level 6. HP: 73/73 MP: 1/16
     7 | D        | Gained mutation: A demonic guardian rushes to your aid.
                  | [demonic ancestry]
     7 | D        | Reached XP level 7. HP: 79/79 MP: 1/18
     7 | D        | Gained mutation: You have sharp fingernails. [demonic
                  | ancestry]
     7 | D        | Reached XP level 8. HP: 86/86 MP: 1/19
     7 | D        | Reached XP level 9. HP: 92/92 MP: 1/20
     7 | D        | Gained mutation: You are partially covered in thin metallic
                  | scales. (AC +2) [demonic ancestry]
     7 | D        | Reached XP level 10. HP: 99/99 MP: 1/21
     7 | D        | Reached XP level 11. HP: 105/105 MP: 1/22
     9 | D        | Noticed a bag of meat
    10 | D        | Noticed a bag of meat
    11 | D        | Killed a bag of meat
    11 | D        | Reached * piety under Makhleb
    11 | D        | Reached XP level 12. HP: 118/118 MP: 2/24
    11 | D        | Noticed a bag of meat
    12 | D        | Killed a bag of meat
    12 | D        | Reached XP level 13. HP: 128/128 MP: 2/26
    12 | D        | Noticed a meat berserker
    12 | D        | Noticed a meat berserker
    14 | D        | Noticed a meat berserker
    15 | D        | Killed a bag of meat
    15 | D        | Reached skill level 15 in Dodging
    15 | D        | Gained mutation: You have very sharp fingernails. [demonic
                  | ancestry]
    15 | D        | Reached XP level 14. HP: 138/138 MP: 3/27
    15 | D        | Noticed a bag of meat
    16 | D        | Noticed a bag of meat
    17 | D        | Killed a meat berserker
    17 | D        | Reached ** piety under Makhleb
    17 | D        | Gained mutation: You are mostly covered in thin metallic
                  | scales. (AC +3) [demonic ancestry]
    17 | D        | Reached XP level 15. HP: 151/151 MP: 4/29
    17 | D        | Noticed a meat berserker
    18 | D        | Killed a meat berserker
    18 | D        | Reached XP level 16. HP: 93/164 MP: 4/32
    18 | D        | Reached *** piety under Makhleb
    18 | D        | Reached skill level 27 in Fighting
    18 | D        | Killed a meat berserker
    18 | D        | Reached skill level 27 in Axes
    18 | D        | Reached skill level 27 in Invocations
    18 | D        | Gained mutation: You are completely covered in thin
                  | metallic scales. (AC +4, rElec) [demonic ancestry]
    18 | D        | Reached XP level 17. HP: 174/174 MP: 4/34
    18 | D        | Noticed a meat berserker
    19 | D        | Reached **** piety under Makhleb
    19 | D        | Noticed a meat berserker
    20 | D        | Killed a meat berserker
    20 | D        | Reached skill level 27 in Dodging
    20 | D        | Reached skill level 10 in Stealth
    20 | D        | Reached XP level 18. HP: 182/182 MP: 4/35
    22 | D        | Noticed a meat berserker
    23 | D        | Killed a meat berserker
    23 | D        | Killed a meat berserker
    23 | D        | Gained mutation: A powerful demonic guardian rushes to your
                  | aid. [demonic ancestry]
    23 | D        | Reached XP level 19. HP: 189/189 MP: 5/39
    23 | D        | Noticed a large bag of meat
    24 | D        | Noticed a destroyer
    25 | D        | Noticed a large bag of meat
    25 | D        | Killed a large bag of meat
    25 | D        | Reached skill level 5 in Armour
    26 | D        | Noticed a meat berserker
    27 | D        | Reached ***** piety under Makhleb
    28 | D        | Reached skill level 15 in Throwing
    29 | D        | Killed a meat berserker
    29 | D        | Gained mutation: Your flesh is heat resistant. (rF+)
                  | [demonic ancestry]
    29 | D        | Reached XP level 20. HP: 197/197 MP: 6/46
    31 | D        | Noticed a destroyer
    32 | D        | Killed a meat berserker
    32 | D        | Reached skill level 27 in Stealth
    32 | D        | Killed a destroyer
    32 | D        | Reached ****** piety under Makhleb
    32 | D        | Reached skill level 10 in Armour
    32 | D        | Reached skill level 27 in Unarmed Combat
    32 | D        | Reached skill level 27 in Spellcasting
    32 | D        | Gained mutation: You have claws for hands. [demonic
                  | ancestry]
    32 | D        | Reached XP level 21. HP: 204/204 MP: 7/52
    38 | D        | Killed a large bag of meat
    38 | D        | Reached skill level 27 in Throwing
    39 | D        | Noticed a destroyer
    39 | D        | Noticed a destroyer
    40 | D        | Killed a destroyer
    40 | D        | Gained mutation: You are immune to clouds of flame.
                  | [demonic ancestry]
    40 | D        | Reached XP level 22. HP: 212/212 MP: 9/53
    40 | D        | Noticed a destroyer
    41 | D        | Noticed a destroyer
    41 | D        | Noticed a destroyer
    43 | D        | Reached skill level 27 in Armour
    44 | D        | Killed a destroyer
    44 | D        | Reached XP level 23. HP: 219/219 MP: 10/54
    45 | D        | Killed a destroyer
    46 | D        | Noticed a tyrant
    47 | D        | Noticed a destroyer
    48 | D        | Killed a tyrant
    49 | D        | Killed a destroyer
    49 | D        | Reached XP level 24. HP: 227/227 MP: 12/54
    49 | D        | Killed a destroyer
    50 | D        | Noticed a destroyer
    51 | D        | Noticed a destroyer
    51 | D        | Killed a destroyer
    51 | D        | Noticed a large bag of meat
    52 | D        | Killed a destroyer
    52 | D        | Reached XP level 25. HP: 234/234 MP: 12/54
    52 | D        | Noticed a destroyer
    52 | D        | Noticed a destroyer
    54 | D        | Killed a destroyer
    55 | D        | Killed a destroyer
    55 | D        | Gained mutation: You can hurl hellfire. [demonic ancestry]
    55 | D        | Reached XP level 26. HP: 242/242 MP: 13/54
    56 | D        | Killed a destroyer
    57 | D        | Noticed an accursed
    58 | D        | Gained mutation: You are completely covered in sharp
                  | spines. [demonic ancestry]
    58 | D        | Reached XP level 27. HP: 249/249 MP: 14/54
    59 | D        | Noticed a destroyer
    61 | D        | Killed an accursed
    61 | D        | Killed a large bag of meat
    66 | D        | Noticed a destroyer
    67 | D        | Noticed an accursed
    73 | D        | Noticed a destroyer
    73 | D        | Noticed a destroyer
    73 | D        | Killed a destroyer
    73 | D        | Noticed a destroyer
    74 | D        | Noticed a destroyer
    74 | D        | Noticed a destroyer
    78 | D        | Killed a destroyer
    78 | D        | Killed a destroyer
    78 | D        | Noticed an accursed
    78 | D        | Noticed a destroyer
    79 | D        | Noticed a destroyer
    79 | D        | Killed a destroyer
    79 | D        | Noticed a meat beast
    79 | D        | Noticed a destroyer
    81 | D        | Killed a destroyer
    81 | D        | Killed a destroyer
    82 | D        | Noticed a meat beast
    82 | D        | Killed a destroyer
    82 | D        | Noticed a destroyer
    83 | D        | Noticed a destroyer
    84 | D        | Killed a destroyer
    84 | D        | Killed a meat beast
    84 | D        | Killed a destroyer
    84 | D        | Killed a meat beast
    84 | D        | Noticed an accursed
    85 | D        | Noticed a destroyer
    87 | D        | Killed a destroyer
    87 | D        | Killed a destroyer
    89 | D        | Killed a destroyer
    90 | D        | Noticed a meat beast
    91 | D        | Killed an accursed
    91 | D        | Killed an accursed
    92 | D        | Noticed a tyrant
    95 | D        | Killed a destroyer
    95 | D        | Noticed a tyrant
    96 | D        | Killed a meat beast
    96 | D        | Killed a destroyer
    96 | D        | Noticed a destroyer
    98 | D        | Noticed an accursed
    98 | D        | Noticed an accursed
    99 | D        | Killed a destroyer
   103 | D        | Killed an accursed
   104 | D        | Killed a tyrant
   105 | D        | Noticed a large bag of meat
   111 | D        | Killed a large bag of meat
   112 | D        | Killed an accursed
   116 | D        | Killed a tyrant
   118 | D        | Killed an accursed
   119 | D        | Noticed a fleshlord
   122 | D        | Noticed an accursed
   123 | D        | Noticed a fleshlord
   125 | D        | Noticed a large bag of meat
   125 | D        | Noticed a fleshlord
   125 | D        | Noticed a tyrant
   126 | D        | Noticed a meat beast
   126 | D        | Noticed a destroyer
   128 | D        | Killed a fleshlord
   131 | D        | Noticed a destroyer
   131 | D        | Killed a fleshlord
   131 | D        | Killed a tyrant
   132 | D        | Killed a fleshlord
   133 | D        | Killed a destroyer
   133 | D        | Killed a destroyer
   133 | D        | Noticed a destroyer
   134 | D        | Killed a large bag of meat
   134 | D        | Noticed a destroyer
   135 | D        | Noticed a destroyer
   135 | D        | Noticed an accursed
   137 | D        | Killed a destroyer
   138 | D        | Annihilated by a destroyer

Skill      XL: |  1  2  3  4  5  6  7  8  9 10 11 12 13 14 15 16 17 18 19 20 21 22 |
---------------+-------------------------------------------------------------------+-----
Fighting       | 16 18 20 21 23 26 27 | 27.0
Axes           | 15 17 19 20 22 24 27 | 27.0
Dodging        | 11 13 14 15 16 18 21 27 | 27.0
Invocations    | 15 17 18 19 21 24 27 | 27.0
Throwing       | 6 11 16 20 27 | 27.0
Armour         | 2 4 6 10 24 27 | 27.0
Stealth        | 10 17 24 27 | 27.0
Unarmed Combat | 9 16 22 27 | 27.0
Spellcasting   | 9 16 22 27 | 27.0

Action                   |  1- 3 |  4- 6 |  7- 9 | 10-12 | 13-15 | 16-18 | 19-21 | 22-24 | 25-27 || total
-------------------------+-------+-------+-------+-------+-------+-------+-------+-------+-------++-------
Melee: Executioner's axe |     1 |       |       |     2 |     3 |     3 |     7 |     8 |    68 ||    92
Invok: Major Destruction |       |       |       |       |       |       |       |       |     1 ||     1
 Abil: Hurl Hellfire     |       |       |       |       |       |       |       |       |     2 ||     2
  Use: Potion            |       |       |       |       |       |       |       |       |     1 ||     1
Dodge: Dodged            |       |       |       |       |       |       |       |     1 |    21 ||    22
